 Dungeon Crawl Stone Soup version 0.27-a0-242-ge0fc76b88b (webtiles) character file.

Game seed: 11447250584363575864

4 mortress the Vexing (level 1, 0/7 HPs)
             Began as a Felid Enchanter on Feb 2, 2021.
             Slain by a kobold
             ... wielding a +2 dagger of flaming
              (1 damage)
             ... on level 1 of the Dungeon.
             The game lasted 00:01:12 (91 turns).

mortress the Vexing (Felid Enchanter)                 Turns: 91, Time: 00:01:16

Health: 0/7        AC:  1    Str:  4    XL:     1   Next: 50%
Magic:  3/4        EV: 18    Int: 16    God:
Gold:   37         SH:  0    Dex: 16    Spells: 3/4 levels left
                                        Lives:  0   Deaths: 0

rFire    . . .     SeeInvis +     - Unarmed
rCold    . . .     Faith    .   (shield unavailable)
rNeg     . . .     Spirit   .   (armour unavailable)
rPois    .         Reflect  .   (helmet unavailable)
rElec    .         Harm     .   (cloak unavailable)
rCorr    .         Rampage  .   (gloves unavailable)
Will     .....                  (boots unavailable)
Stlth    +++.......             (no amulet)
HPRegen  0.02/turn              (no ring)
MPRegen  0.09/turn              (no ring)

@: quick
A: very small, no armour, no weapons or thrown items, stealth, claws 1, fangs 3,
see invisible, speed 1, shaggy fur 1, sharp paws
a: no special abilities


You were on level 1 of the Dungeon.
You visited 1 branch of the dungeon, and saw 1 of its levels.

You collected 37 gold pieces.

Inventory:

Potions
 a - a potion of might {unknown}


   Skills:
 + Level 0.1 Fighting
 + Level 2.8 Dodging
 + Level 4.0 Stealth
 + Level 1.0 Unarmed Combat
 + Level 2.0 Spellcasting
 + Level 4.5 Hexes


You had 3 spell levels left.
You knew the following spells:

 Your Spells              Type           Power        Failure   Level
a - Corona                Hex            17%          3%          1

Your spell library contained the following spells:

 Spells                   Type           Power        Failure   Level
 Confusing Touch          Hex            16%          10%         3
 Tukima's Dance           Hex            16%          10%         3
 Ensorcelled Hibernation  Hex/Ice        16%          12%         2
 Dazzling Flash           Conj/Hex       16%          24%         3


Dungeon Overview and Level Annotations

Branches:
Dungeon (1/15)

Altars:


Innate Abilities, Weirdness & Mutations

You cannot wear armour.
You are incapable of wielding weapons or throwing items.
Your paws allow you to move quietly. (Stealth)
You have sharp claws.
You have razor-sharp teeth.
You have supernaturally acute eyesight. (SInv)
You cover ground quickly.
You are covered in fur. (AC +1)
Your sharp claws are effective at attacking unaware monsters.


Message History

Casting: Corona (safe; 3% risk of failure)
Confirm with . or Enter, or press ? or * to list all spells.
Aiming: Corona (safe; 3% risk of failure)
Press: ? - help, Shift-Dir - straight line, f - kobold
Aim: a kobold, wielding a +2 dagger of flaming (chance to affect: 71%)
The kobold is outlined in light.
You scratch the kobold but do no damage.
The kobold hits you with a +2 dagger of flaming.
The kobold burns you.
You scratch the kobold but do no damage.
The kobold misses you.
You scratch the kobold but do no damage.
The kobold completely misses you.
You completely miss the kobold. You bite the kobold.
The kobold is moderately wounded.
The kobold hits you with a +2 dagger of flaming.
Ouch! That really hurt!
* * * LOW HITPOINT WARNING * * *
The kobold burns you.
You die...

.♣...♣♣..♣...♣....
♣..♣♣.♣♣...♣....♣... ..
.♣..♣.♣.....♣..♣♣... ...
♣♣♣.♣♣..♣♣.♣♣.......♣...
♣.♣..♣..♣...♣..♣♣....
.♣♣.♣.♣..♣♣...♣....#
♣.♣..♣......♣.....##
♣.♣♣......♣♣......8.
♣♣.♣..♣♣....@K......
♣♣♣♣♣.♣...♣..♣♣.♣♣......
.♣...♣..♣...♣.........8.
♣.♣♣♣.♣.......♣.......##
♣.♣.♣...♣♣...♣♣....♣♣..#
♣♣.♣♣.♣♣....♣....♣...♣..
†.♣.♣♣...♣♣.....♣..... .
♣♣♣♣♣♣♣♣♣♣♣♣♣♣♣♣♣♣♣♣♣♣#


You could see a kobold (corona).

Vanquished Creatures
  A leopard gecko (D:1)
  A giant cockroach (D:1)
  A rat (D:1)
3 creatures vanquished.

Notes
Turn   | Place    | Note
-------+----------+-------------------------------------------
     0 | D:1      | mortress the Felid Enchanter began the quest for the Orb.
     0 | D:1      | Reached XP level 1. HP: 7/7 MP: 4/4
    91 | D:1      | Slain by a kobold

Illustrated notes

Levels and vault maps discovered:
D:1:      erik_arrival_cave_to_civilisation [erik_arrival_cave_to_temple],
          layout_basic, serial_glass, glass_columns_a, glass_columns_a,
          glass_columns_b, glass_columns_a, glass_columns_c, glass_columns_a,
          glass_columns_b, glass_columns_b, due_unseen_surprise,
          minmay_strange_pillars, dk_noncrumbling_3

Action                   || total
-------------------------++-------
Melee: Unarmed           ||     7
       Bite              ||     1
 Cast: Corona            ||     1
 Stab: Sleeping          ||     3
Dodge: Dodged            ||     2

Table legend: (Time is in decaauts)
 A = Elapsed time spent in this place.
 B = Non-inter-level travel time spent in this place.
 C = Inter-level travel time spent in this place.
 D = Time resting spent in this place.
 E = Time spent auto-exploring this place.
 F = Levels seen in this place.
 G = Mean time per level.
                   A        B        C        D        E       F      G
               +--------+--------+--------+--------+--------+-----+--------+
         Total |     75 |     75 |      0 |      0 |     50 |   1 |   75.0 |
       Dungeon |     75 |     75 |      0 |      0 |     50 |   1 |   75.0 |
               +--------+--------+--------+--------+--------+-----+--------+

Top non-repeatable levels by time:
     D:1: 75 daAuts
